AoeStats
← CovidBryan

Lombardia

508900869Analyzed
2v2 RM · 8d ago on Sep 24, 2026· 37m 54s· 4 players
Game mode
Random Map
Map size
Medium (4 player)
Population
200
Speed
Normal
Resources
Standard
Victory
Conquest
Starting age
Dark Age
Ending age
Imperial Age
RankedLock teamsTeams togetherTeam positionsShared explorationLock speedFull tech treeHidden civsTurbo modeCheats
Victory
Defeat
🇪🇸 Vietnamese · Spain
1141
+13
🇪🇸 Bulgarians · Spain
1116
+14
🇩🇪 Saxons · Germany
1091
-14
🇲🇾 Wei · Malaysia
1064
-13
Derbion12
11:42 Feudal Age
16:55 Castle Age
17:11 Horse Collar
18:35 Gold Mining
22:49 Wheelbarrow
22:02 Town Watch
29:23 Scale Mail Armor
29:34 Forging
30:32 Heavy Plow
32:20 Chain Mail Armor
32:31 Squires
34:23 Iron Casting
JohnnyP
11:36 Feudal Age
9:52 Loom
12:23 Double-Bit Axe
12:19 Horse Collar
12:31 Gold Mining
18:54 Castle Age
18:11 Stone Mining
18:48 Town Watch
19:38 Wheelbarrow
20:28 Bow Saw
21:50 Bloodlines
21:43 Husbandry
22:10 Hand Cart
22:19 Fletching
23:19 Bodkin Arrow
24:10 Padded Archer Armor
26:53 Scale Barding Armor
29:53 Forging
32:16 Chain Barding Armor
33:25 Iron Casting
33:46 Town Patrol
35:34 Stone Shaft Mining
35:34 Gold Shaft Mining
sergiwhitehouse
7:13 Loom
9:36 Feudal Age
10:10 Double-Bit Axe
15:12 Gold Mining
15:14 Horse Collar
19:29 Castle Age
19:04 Fletching
19:15 Padded Archer Armor
20:37 Bow Saw
20:45 Heavy Plow
23:09 Wheelbarrow
22:52 Stone Mining
25:42 Stone Shaft Mining
24:42 Crossbowman
27:21 Bodkin Arrow
28:40 Ballistics
28:39 Thumb Ring
30:22 Leather Archer Armor
30:59 Hand Cart
34:52 Imperial Age
36:50 Chemistry
36:04 Bracer
36:35 Ring Archer Armor
36:21 Arbalester
37:10 Siege Engineers
38:40 Two-Man Saw
CovidBryan
7:34 Loom
10:23 Feudal Age
11:23 Double-Bit Axe
16:58 Horse Collar
19:47 Castle Age
18:37 Bloodlines
18:47 Scale Barding Armor
18:53 Forging
19:16 Gold Mining
20:54 Wheelbarrow
22:11 Chain Barding Armor
22:27 Iron Casting
37:04 Imperial Age
37:42 Cavalier
Connection lost

Rejoining the realm…

Still unreachable

The connection could not be restored.

Session expired

The server has moved on; the page needs a fresh start.